 Dungeon Crawl Stone Soup version 0.28-a0-683-ga8797d1ae1 (webtiles) character file.

Game seed: 15132996454425107501

93 jdsmith2816 the Shield-Bearer (level 4, -2/23 HPs)
             Began as a Vine Stalker Fighter on Oct 18, 2021.
             Killed from afar by an orc wizard (7 damage)
             ... with a puff of flame
             ... on level 3 of the Dungeon.
             The game lasted 00:06:45 (2203 turns).

jdsmith2816 the Shield-Bearer (VSFi)                Turns: 2203, Time: 00:06:46

Health: -2/23      AC:  7    Str: 19    XL:     4   Next: 61%
Magic:  0/5        EV:  9    Int:  8    God:
Gold:   69         SH:  5    Dex: 14    Spells: 3/3 levels left

rFire   . . .      SeeInvis .     - Unarmed
rCold   . . .      Faith    .   b - +0 buckler
rNeg    . . .      Spirit   +   a - +0 scale mail
rPois   .          Reflect  .   e - +0 helmet
rElec   .          Harm     .   (no cloak)
rCorr   .          Rampage  .   (no gloves)
Will    .....                   (no boots)
Stlth   +.........              (no amulet)
HPRegen 1.07/turn               (no ring)
MPRegen 0.09/turn               (no ring)

@: no status effects
A: fangs 2, regeneration 1, magic shield, antimagic bite, no potion heal 2
a: no special abilities


You were on level 3 of the Dungeon.
You visited 1 branch of the dungeon, and saw 3 of its levels.

You collected 69 gold pieces.


Innate Abilities, Weirdness & Mutations

You have extremely sharp teeth.
Your natural rate of healing is unusually fast.
When hurt, damage is shared between your health and your magic reserves.
Your bite disrupts and absorbs the magic of your enemies.
Potions cannot restore your health.


   Skills:
 - Level 2.6 Fighting
 + Level 2.8 Armour
 + Level 1.9 Stealth
 * Level 3.4 Shields
 * Level 3.1 Unarmed Combat


You had 3 spell levels left.
You didn't know any spells.
Your spell library was empty.

Inventory:

Armour
 a - a +0 scale mail (worn)
 b - a +0 buckler (worn)
 e - a +0 helmet (worn)
Scrolls
 h - a scroll of identify {unknown}
 i - a scroll of fear {unknown}
 j - a scroll of silence {unknown}
 k - a scroll of teleportation {unknown}
Potions
 c - a potion of might
 d - a potion of brilliance {unknown}
 f - a potion of cancellation {unknown}
 g - 2 potions of heal wounds {unknown}

Dungeon Overview and Level Annotations

Branches:
Dungeon (3/15)

Altars:

Shops:
D:1 [

Annotations:
D:2 1 runed translucent door, Crazy Yiuf

.# #......#.....#... .#
#........<†....#
.###.#.##.........#
...............#..#
#....##.#.##.##...#
###..##...##......##
###..###...####.....
##.........# #..###
##.........####.@####
##...#.##..##.....o.#
...#.......##.#####o#
.#.#.##.##..#.#.o...#
..##.##.##..#.#)#.#####
### .##.##....#)#.....#
(.# ###.##...##)o..##.#
#.#####.##.........##.#
#.......###........##.#


You could see an orc wizard and an orc.


Message History

The orc wizard's magic leaks into the air.
You drain its magic.
You feel invigorated.
The orc wizard is moderately wounded.
The orc wizard hits you but does no damage.
The orc hits you from afar with a +0 trident.
You barely miss the orc wizard.
The orc wizard is moderately wounded.
The orc wizard hits you but does no damage.
The orc hits you from afar with a +0 trident.
You hit the orc wizard but do no damage.
The orc wizard is moderately wounded.
You block the orc wizard's attack. The orc hits you but does no damage.
You completely miss the orc wizard. Your bite misses the orc wizard.
The orc wizard is moderately wounded.
The orc wizard hits you with a +0 dagger.
The orc barely misses you.
You hit the orc wizard. Your bite misses the orc wizard.
The orc wizard is moderately wounded.
The orc wizard hits you but does no damage.
You block the orc's attack.
You hit the orc wizard.
The orc wizard is heavily wounded.
The orc wizard casts a spell at you. The magic dart hits you!
* * * LOW HITPOINT WARNING * * *
The orc hits you from afar with a +0 trident.
* * * LOW HITPOINT WARNING * * *
The orc wizard gestures at you while chanting.
The puff of flame hits you!
You die...

Skill      XL: |  1  2  3 |
---------------+----------+-----
Stealth        | 1 |  1.9
Shields        | 3 |  3.4
Unarmed Combat | 3 |  3.1
Fighting       | |  2.6
Armour         | |  2.8

Action                   |  1- 3 |  4- 6 || total
-------------------------+-------+-------++-------
Melee: Unarmed           |    98 |    62 ||   160
       Bite              |    24 |    23 ||    47
Armor: Scale mail        |    28 |    20 ||    48
Dodge: Dodged            |    46 |    23 ||    69
Block: Buckler           |    16 |    15 ||    31

Levels and vault maps discovered:
D:1:      heliophobic_arrival_battle_scene, layout_basic, serial_shops, shop,
          minmay_heptomino_h4
D:2:      layout_loops_ring, dk_noncrumbling_3, serial_bayou_ford_a,
          st_stairs_14, grunt_ministairs_6, uniq_jessica,
          uniq_crazy_yiuf_cottage
D:3:      layout_basic, uniq_natasha

Notes
Turn   | Place    | Note
-------+----------+-------------------------------------------
     0 | D:1      | jdsmith2816 the Vine Stalker Fighter began the quest for
                  | the Orb.
     0 | D:1      | Reached XP level 1. HP: 11/11 MP: 2/2
   362 | D:1      | Reached XP level 2. HP: 15/16 MP: 3/3
   429 | D:1      | Found Ceggog's Armour Emporium.
   568 | D:1      | Reached skill level 1 in Stealth
   568 | D:1      | Reached skill level 3 in Shields
   750 | D:1      | Reached XP level 3. HP: 16/19 MP: 2/4
  1317 | D:2      | Noticed Jessica
  1327 | D:2      | Killed Jessica
  1328 | D:2      | Reached skill level 3 in Unarmed Combat
  1328 | D:2      | Gained mutation: Your natural rate of healing is unusually
                  | fast. [Vine Stalker growth]
  1328 | D:2      | Reached XP level 4. HP: 20/23 MP: 5/5
  1895 | D:2      | Found a runed translucent door.
  1896 | D:2      | Noticed Crazy Yiuf
  2203 | D:3      | Killed from afar by an orc wizard

Vanquished Creatures
  Jessica (D:2)
  An adder (D:2)
  A worm (D:2)
  2 orcs (D:3)
  7 ball pythons
  6 bats
  An endoplasm (D:1)
  4 giant cockroaches
  6 goblins
  A hobgoblin (D:1)
  3 jackals (D:1)
  3 quokkas (D:2)
  2 frilled lizards
  A jackal skeleton (D:2)
  5 kobolds
  5 rats
49 creatures vanquished.

Vanquished Creatures (others)
  4 plants (D:2)
4 creatures vanquished.

Grand Total: 53 creatures vanquished

Table legend: (Time is in decaauts)
 A = Elapsed time spent in this place.
 B = Non-inter-level travel time spent in this place.
 C = Inter-level travel time spent in this place.
 D = Time resting spent in this place.
 E = Time spent auto-exploring this place.
 F = Levels seen in this place.
 G = Mean time per level.
                   A        B        C        D        E       F      G
               +--------+--------+--------+--------+--------+-----+--------+
         Total |   2211 |   2104 |    107 |     97 |   1576 |   3 |  737.0 |
       Dungeon |   2211 |   2104 |    107 |     97 |   1576 |   3 |  737.0 |
               +--------+--------+--------+--------+--------+-----+--------+

Top non-repeatable levels by time:
     D:1: 1102 daAuts
     D:2: 934 daAuts
     D:3: 173 daAuts

Table legend:
 A = Non-vault XP
 B = Vault XP
 C = Vault XP percentage of total XP
 D = Non-vault monster count
 E = Vault monster count
 F = Vault count percentage of total count
                 A         B        C        D         E       F
            +---------+---------+-------+---------+---------+-------
      Total |      82 |      51 |  38.3 |      41 |       8 |  16.3
            +---------+---------+-------+---------+---------+-------
        D:1 |      38 |       7 |  15.6 |      22 |       4 |  15.4
        D:2 |      31 |      44 |  58.7 |      12 |       4 |  25.0
        D:3 |      13 |       0 |   0.0 |       7 |       0 |   0.0
            +---------+---------+-------+---------+---------+-------
